 Dungeon Crawl Stone Soup version 0.17-a0-737-gf0a300a (console) character file.

221742 Monkaria the Fencer (level 18, -16/149 HPs)
             Began as a Demonspawn Chaos Knight on Apr 29, 2015.
             Was the Champion of Jiyva.
             Shot with a poisoned arrow by a deep elf master archer (33 damage)
             ... on level 3 of the Elven Halls on May 6, 2015.
             The game lasted 02:29:32 (39735 turns).

Monkaria the Fencer (Demonspawn Chaos Knight)      Turns: 39735, Time: 02:29:33

Health: -16/149    AC: 31    Str: 31    XL:     18   Next: 7%
Magic:  0/18       EV: 24    Int: 10    God:    Jiyva [******]
Gold:   1912       SH:  4    Dex: 22    Spells: 0 memorised, 17 levels left

rFire  . . .     SeeInvis .     g - +6 great sword {slice, rPois Dex+6 Stlth-}
rCold  + + .     Clarity  .     R - +0 plate armour
rNeg   . . .     SustAb   .     (no shield)
rPois  +         Gourm    .     (helmet unavailable)
rElec  .         Spirit   +     h - +2 cloak {+Inv}
rCorr  +         Warding  .     t - +2 pair of gloves {Str+3}
rMut   .         Stasis   .     Y - +2 pair of boots {Fly}
MR     ++...                    H - amulet of guardian spirit
Stlth  ..........               J - +3 ring of protection
                                I - +3 ring of evasion

@: agile, lethally poisoned (-16 -> -16), flying, drained, invisible, very
resistant to hostile enchantments, extremely unstealthy
A: horns 3, large bone plates 3, clever 1, cold resistance 2, magic resistance
1, sense surroundings 1, powered by death 3, gelatinous body 1, pseudopods 1,
jelly absorbing missiles, freezing cloud immunity
a: Request Jelly, Jelly Paralyse, Slimify, Cure Bad Mutation, Renounce Religion,
Stop Flying
}: 2/15 runes: decaying, slimy


You were on level 3 of the Elven Halls.
You worshipped Jiyva.
Jiyva was exalted by your worship.
You were completely stuffed.

You visited 7 branches of the dungeon, and saw 42 of its levels.
You also visited: Ice Cave.

You collected 3794 gold pieces.
You spent 1882 gold pieces at shops.

Inventory:

Hand weapons
 b - a +4 scimitar of flaming
 g - the +6 great sword of Ymmaef (weapon) {slice, rPois Dex+6 Stlth-}
   (You found it in an ice cave)

   It inflicts extra damage upon your enemies.
   It affects your dexterity (+6).
   It protects you from poison.
   It makes you less stealthy.
 Q - a +0 blowgun
Missiles
 q - 88 poisoned needles
 G - 36 tomahawks (quivered)
Armour
 h - a +2 cloak of invisibility (worn)
 t - a +2 pair of gloves of strength (worn)
 B - the +9 chain mail "Ohuotz" {Dex+4, unknown}
   (You took it off a deep elf master archer on level 3 of the Elven Halls)

   It affects your dexterity (+4).
 R - a +0 plate armour (worn)
 Y - a +2 pair of boots of flying (worn)
Jewellery
 k - an uncursed amulet of rage
 p - an uncursed ring of positive energy
 A - a cursed ring of teleportation {unknown}
 H - an amulet of guardian spirit (around neck)
 I - a +3 ring of evasion (left hand)
 J - a +3 ring of protection (right hand)
Magical devices
 a - a wand of lightning (8)
 j - a wand of hasting (4)
 o - a wand of lightning (8)
 s - a wand of fire (7)
 u - a wand of confusion (27)
 C - a wand of fireball (6)
 D - a wand of confusion (27)
 F - a wand of draining (2)
 N - a wand of teleportation (5)
 Z - a wand of cold (10)
Scrolls
 m - 10 scrolls of teleportation
 v - 2 scrolls of magic mapping
 y - 4 scrolls of blinking
 E - a scroll of recharging
 K - 8 scrolls of remove curse
 P - 4 scrolls of fog
 U - 3 scrolls of fear
 W - 11 scrolls of identify
Potions
 e - 4 potions of resistance
 f - a potion of might
 x - a potion of haste
 z - a potion of brilliance
 S - 2 potions of lignification
 X - 6 potions of curing
Books
 i - a book of Callings

   Spells                             Type                      Level
   a - Summon Small Mammal            Summoning                    1
   b - Call Imp                       Summoning                    2
   c - Call Canine Familiar           Summoning                    3
   d - Summon Guardian Golem          Hexes/Summoning              3
   e - Summon Lightning Spire         Summoning/Air                4
   f - Summon Ice Beast               Ice/Summoning                4
 n - Lehudib's Catalogue of Arcane Weapons
   (You found it on level 1 of the Elven Halls)

   Spells                             Type                      Level
   a - Sting                          Conjuration/Poison           1
   b - Throw Frost                    Conjuration/Ice              2
   c - Conjure Flame                  Conjuration/Fire             3
   d - Sticky Flame                   Conjuration/Fire             4
Miscellaneous
 d - a lamp of fire
 r - a sack of spiders
 L - an ornate deck of wonders {drawn: 2}
Comestibles
 c - 14 bread rations


   Skills:
 - Level 15.1(14.3) Fighting
 - Level 17.5(16.6) Long Blades
 + Level 17.5(16.6) Armour
 - Level 10.0(9.3) Dodging


You had 17 spell levels left.
You didn't know any spells.

Dungeon Overview and Level Annotations

Branches:
Dungeon (15/15)            Temple (1/1) D:5            Lair (8/8) D:8
  Swamp (5/5) Lair:6        Snake (0/5) Lair:6        Slime (6/6) Lair:8
    Orc (4/4) D:11            Elf (3/3) Orc:3        Vaults (0/5) D:13
 Depths (0/5) D:15

Altars:
Ashenzari
Cheibriados
Dithmenos
Elyvilon
Fedhas
Gozag
Kikubaaqudgha
Makhleb
Nemelex Xobeh
Okawaru
Qazlal
Ru
Sif Muna
Trog
Vehumet
Xom
Yredelemnul
Zin
The Shining One
Beogh
Jiyva

Shops:
D:9 ?   D:10 (   D:11 %   D:13 =(?(   Orc:3 [   Orc:4 }(}[   Elf:2 (

Annotations:
Slime:6 Royal Jelly


Innate Abilities, Weirdness & Mutations

You have a pair of large horns on your head.
You are completely covered in large bone plates (AC +4, SH +4).
Your flesh is very cold resistant.
You can steal the life force of all defeated enemies in sight.
You are immune to freezing clouds.
Your mind is acute. (Int +2)
You are resistant to hostile enchantments.
You passively map a small area around you.
Your rubbery body absorbs attacks (AC +1).
Armour fits poorly on your pseudopods.
You have a small jelly attached to you that may absorb incoming projectiles.


Message History

Read which item? (? for menu, Esc to quit)
Okay, then.
Use which ability? (? or * to list)
Okay, then.
Drink which item? (? for menu, Esc to quit)
Okay, then.
Drink which item? (? for menu, Esc to quit)
You feel agile all of a sudden.
The deep elf high priest utters an invocation to its god.
The deep elf master archer shoots a poisoned arrow.
The poisoned arrow barely misses you.
Drink which item? (? for menu, Esc to quit)
You fade into invisibility!
You feel sick.
The deep elf master archer shoots a poisoned arrow.
The poisoned arrow barely misses you.
The deep elf master archer shoots a poisoned arrow.
The poisoned arrow hits you!!
You die...
Xom laughs nastily!

#.# #'# #.#### #.#
#.[..## #.# #.##..#
#.#
#..#..############.#
#.###.)[.(.(.(...#.#
#..#..##########...#
##.((## ###.# *
*##@## * * #.# , ,
*#e# ,, , #.# , , ,
#e#* , , *##'# , #4#
, , #... , , *#4# ,
##... * #.# *,#....
* * * #e# * * ##...
* #..(≈≈.≈≈...# ,
#... *
#..e≈≈.≈≈..e#* ####


You could see a deep elf master archer, a deep elf annihilator, a deep elf high
priest, a blue devil and a red devil.

Vanquished Creatures
  Nikola (Swamp:2)
  Jorgrun (Swamp:2)
  A deep elf blademaster (Elf:2)
  A deep elf master archer (Elf:3)
  Gastronok (Lair:1)
  3 thorn hunters
  Kirke (Swamp:4)
  2 deep elf sorcerers
  A frost giant (IceCv)
  Aizul (Swamp:5)
  Louise (Swamp:5)
  An orc warlord (D:13)
  A very ugly thing (Swamp:2)
  A reaper (Elf:3)
  4 deep elf demonologists (Elf:3)
  The ghost of hornqvist the Severer, a powerful FoFi of Gozag (Orc:3)
  A deep elf high priest (Elf:3)
  A vault guard (D:13)
  Fannar (Lair:3)
  19 hydras
  Harold (Lair:1)
  Erolcha (D:10)
  2 ghost crabs (Swamp:5)
  Erica (D:9)
  A catoblepas (Lair:7)
  4 alligators
  19 dancing weapons (Elf:2)
  2 tengu warriors (D:14)
  17 death yaks
  7 orc high priests
  A soul eater (Orc:4)
  A fire crab (shapeshifter) (D:14)
  9 deep elf knights
  An unseen horror (D:12)
  2 spriggan druids
  5 shambling mangroves
  14 swamp dragons
  9 hill giants
  An ice statue (IceCv)
  10 deep elf summoners
  5 orc knights
  A wolf spider zombie (D:15)
  11 deep elf conjurers
  3 wizards (D:13)
  2 ugly things
  A griffon (Lair:8)
  An oklob plant (Lair:7)
  3 cyclopes
  A hornet (Swamp:1)
  A moth of wrath (shapeshifter) (Elf:2)
  5 manticores
  6 elephants
  A spectral spriggan (Swamp:5)
  5 black mambas
  The ghost of Herrn the Shield-Bearer, an experienced FoFi of Cheibriados (D:4)
  A kobold demonologist (D:12)
  An efreet (D:15)
  24 spiny frogs
  2 hellwings (Elf:3)
  A komodo dragon (shapeshifter) (D:15)
  14 komodo dragons
  A harpy zombie (D:13)
  6 fire drakes
  A red devil (IceCv)
  6 trolls
  A freezing wraith (D:15)
  16 polar bears
  6 deep elf priests
  2 two-headed ogres
  5 giant leeches
  15 ravens
  9 baby alligators
  9 bog bodies
  A trapdoor spider zombie (D:11)
  A boulder beetle (shapeshifter) (Elf:2)
  A boulder beetle (Lair:6)
  12 blink frogs
  2 blue devils
  24 deep elf magi
  3 shadows
  72 yaks
  14 deep elf fighters
  10 spriggans
  2 redbacks
  6 wyverns
  A wraith (D:14)
  A yak (shapeshifter) (D:15)
  6 hogs (Swamp:4)
  The ghost of wvc the Grasshopper, an average NaWn (D:3)
  21 humans (D:13)
  6 basilisks
  A neqoxec (D:12)
  12 hippogriffs
  A hippogriff (shapeshifter) (D:15)
  10 vampire mosquitoes
  A spatial vortex (IceCv)
  4 insubstantial wisps (Swamp:5)
  24 wargs
  Edmund (D:5)
  12 porcupines
  31 swamp worms
  21 wolves
  24 orc warriors
  15 water moccasins
  14 swamp drakes
  13 ice beasts
  2 black bears
  2 phantoms
  10 wasps
  2 eyes of draining
  A necrophage (D:9)
  2 sky beasts
  16 ogres
  5 centaurs
  20 crocodiles
  2 big kobolds
  A centaur (shapeshifter) (D:8)
  A wyvern zombie (D:13)
  A gnoll sergeant (D:9)
  14 giant frogs
  5 scorpions
  4 small abominations
  2 oklob saplings (D:8)
  2 electric eels
  11 wights
  16 killer bees
  A goliath beetle (D:13)
  5 iron imps
  14 orc wizards
  2 centaur zombies
  8 crimson imps
  A giant frog zombie (D:8)
  3 jellies
  3 quasits
  47 orc priests
  7 hounds
  3 centaur skeletons
  4 worker ants
  10 iguanas
  8 sheep
  3 hell rats
  A killer bee zombie (D:6)
  3 hound zombies
  A hound skeleton (D:5)
  2 worker ant zombies
  16 adders
  14 gnolls
  26 river rats
  5 shadow imps
  8 white imps
  An ufetubus (D:14)
  3 oozes
  4 wandering mushrooms (D:8)
  4 adder skeletons
  An adder zombie (D:4)
  16 worms
  6 giant geckos
  194 orcs
  A bat skeleton (D:8)
  6 giant cockroaches
  16 goblins
  9 hobgoblins
  6 jackals
  20 kobolds
  5 quokkas
  3 ball pythons
  13 bats
  3 giant newts
  2 giant spores
  A quokka skeleton (D:10)
  2 quokka zombies
  11 rats
  4 ballistomycetes (D:3)
  2 briar patches (Swamp:4)
  2 crawling corpses (Elf:1)
  6 fungi
  4 plants (Lair:7)
1346 creatures vanquished.

Vanquished Creatures (collateral kills)
  A death yak (Lair:3)
  A boulder beetle (Lair:8)
  2 yaks
  An orc warrior (D:11)
  3 orcs (D:11)
  A kobold (D:8)
  A rat (D:8)
  A plant (Lair:5)
11 creatures vanquished.

Vanquished Creatures (others)
  3 acid blobs
  A death yak (Lair:7)
  An ugly thing (D:15)
  A deep elf conjurer (Elf:2)
  A centaur skeleton (D:15)
  2 polar bears (IceCv)
  A wind drake (shapeshifter) (D:15)
  A hellwing (IceCv)
  A raven (shapeshifter) (D:8)
  46 slime creatures
  A bog body (Swamp:4)
  2 yaks (D:8)
  A deep elf mage (D:15)
  A wyvern (D:12)
  4 wolves (IceCv)
  3 swamp worms
  3 boggarts (D:15)
  A black bear (D:11)
  2 centaurs
  A swamp drake (Swamp:5)
  An eye of draining (D:12)
  A giant frog (D:8)
  4 killer bees (D:8)
  3 crimson imps
  111 jellies
  An iron imp (D:8)
  A worker ant (D:12)
  A sheep (D:15)
  4 gnolls (D:8)
  5 white imps
  5 shadow imps
  3 ufetubi
  A giant gecko (D:8)
  19 orcs
  2 bats (D:8)
  3 hobgoblins
  A giant spore (D:14)
  A goblin (Orc:1)
  A rat (D:8)
  3 butterflies (Lair:5)
  17 fungi
  8 plants
  10 toadstools (Lair:7)
283 creatures vanquished.

Grand Total: 1640 creatures vanquished

Notes
Turn   | Place    | Note
--------------------------------------------------------------
     0 | D:1      | Monkaria, the Demonspawn Chaos Knight, began the quest for the Orb.
     0 | D:1      | Reached XP level 1. HP: 18/18 MP: 1/1
   156 | D:1      | XOM: divination: detect items
   170 | D:1      | XOM: harmless Conj miscast
   182 | D:1      | Gained mutation: Your flesh is cold resistant. [demonic ancestry]
   182 | D:1      | Reached XP level 2. HP: 13/24 MP: 2/2
   502 | D:1      | XOM: silly message
   550 | D:1      | XOM: silly message
   625 | D:1      | XOM: noise
   638 | D:1      | XOM: potion effect (haste)
   648 | D:1      | XOM: harmless Pois miscast
   807 | D:1      | Gained mutation: You have a pair of small horns on your head. [demonic ancestry]
   807 | D:1      | Reached XP level 3. HP: 16/29 MP: 3/3
   933 | D:2      | Reached skill level 4 in Long Blades
  1215 | D:2      | XOM: harmless Conj miscast
  1231 | D:2      | XOM: medium Trmt miscast
  1331 | D:3      | Gained mutation: You can steal the life force of nearby defeated enemies. [demonic ancestry]
  1331 | D:3      | Reached XP level 4. HP: 15/35 MP: 4/4
  1549 | D:3      | XOM: harmless Pois miscast
  1587 | D:3      | XOM: colour smoke trail
  1600 | D:3      | XOM: mild Pois miscast
  1729 | D:3      | XOM: silly message
  1801 | D:3      | XOM: silly message
  1802 | D:3      | XOM: confusion
  2026 | D:3      | Reached skill level 5 in Long Blades
  2166 | D:3      | Noticed wvc's ghost (average NaWn)
  2172 | D:3      | XOM: divination: detect items
  2175 | D:3      | XOM: divination: detect creatures
  2194 | D:3      | Killed wvc's ghost
  2194 | D:3      | Reached skill level 6 in Long Blades
  2194 | D:3      | Gained mutation: You are partially covered in large bone plates (AC +2, SH +2). [demonic ancestry]
  2194 | D:3      | Reached XP level 5. HP: 25/41 MP: 5/5
  2211 | D:3      | Found a snail-covered altar of Cheibriados.
  2223 | D:3      | Gained mutation: You are mostly covered in large bone plates (AC +3, SH +3). [demonic ancestry]
  2223 | D:3      | Reached XP level 6. HP: 29/47 MP: 6/6
  2535 | D:3      | XOM: mild Fire miscast
  2536 | D:3      | Noticed a fire vortex
  2536 | D:3      | Noticed a fire vortex
  3031 | D:4      | Found a basalt altar of Yredelemnul.
  3218 | D:4      | Noticed Herrn's ghost (experienced FoFi)
  3230 | D:4      | XOM: potion effect (berserk rage)
  3241 | D:4      | Killed Herrn's ghost
  3241 | D:4      | Reached skill level 7 in Long Blades
  3241 | D:4      | Reached XP level 7. HP: 52/52 MP: 7/7
  3294 | D:4      | XOM: divination: magic mapping
  3296 | D:4      | XOM: harmless Summ miscast
  3379 | D:4      | XOM: silly message
  3448 | D:4      | Reached skill level 8 in Long Blades
  3469 | D:4      | XOM: colour smoke trail
  3486 | D:4      | XOM: potion effect (haste)
  3530 | D:4      | XOM: divination: detect creatures
  3587 | D:4      | Found an opulent altar of Gozag.
  3588 | D:4      | Found a sparkling altar of Nemelex Xobeh.
  3797 | D:5      | Entered Level 5 of the Dungeon
  3804 | D:5      | Found a shattered altar of Ashenzari.
  3829 | D:5      | Found a staircase to the Ecumenical Temple.
  3833 | D:5      | Noticed Edmund
  3849 | D:5      | Killed Edmund
  3889 | Temple   | Entered the Ecumenical Temple
  4127 | D:5      | XOM: divination: detect creatures
  4264 | D:5      | XOM: god gift: 49 gold pieces
  4267 | D:5      | Found a stormy altar of Qazlal.
  4270 | D:5      | Found a blossoming altar of Fedhas.
  4270 | D:5      | XOM: medium Erth miscast
  4319 | D:5      | Gained mutation: You are immune to freezing clouds. [demonic ancestry]
  4319 | D:5      | Reached XP level 8. HP: 23/58 MP: 8/8
  4395 | D:5      | XOM: chaos cloud
  4466 | D:5      | XOM: colour smoke trail
  4765 | D:6      | Reached skill level 5 in Armour
  5327 | D:6      | Found a glowing golden altar of the Shining One.
  5936 | D:7      | XOM: silly message
  5958 | D:7      | Found a shimmering altar of Xom.
  6160 | D:8      | Found a staircase to the Lair.
  6176 | D:8      | XOM: destruction
  6183 | D:8      | XOM: fog
  6234 | D:8      | XOM: confuse monster(s)
  6248 | D:8      | Noticed a raven
  6248 | D:8      | an ice beast changed into a raven
  6249 | D:8      | Killed a raven
  6249 | D:8      | Gained mutation: You are completely covered in large bone plates (AC +4, SH +4). [demonic ancestry]
  6249 | D:8      | Reached XP level 9. HP: 40/63 MP: 3/9
  6249 | D:8      | XOM: divine lightning
  6253 | D:8      | Gained mutation: Potions and wands are less effective at restoring your health. [mutagenic meat]
  6382 | D:8      | XOM: divine lightning
  6391 | D:8      | XOM: divine lightning (protected)
  6392 | D:8      | XOM: summons friendly iron imp
  6395 | D:8      | XOM: summons friendly ufetubus
  6405 | D:8      | XOM: polymorph kobold -> rat
  6408 | D:8      | XOM: destruction
  6436 | D:8      | XOM: polymorph killer bee -> ooze
  6458 | D:8      | Reached skill level 9 in Armour
  6505 | D:8      | XOM: harmless Trmt miscast
  6547 | D:8      | Found a glowing golden altar of the Shining One.
  6571 | D:8      | XOM: noise
  6607 | D:8      | Found a white marble altar of Elyvilon.
  6623 | D:8      | XOM: harmless Air miscast
  6631 | D:8      | XOM: noise
  6651 | D:8      | XOM: cast spell 'Olgreb's Toxic Radiance'
  6656 | D:8      | Reached skill level 10 in Armour
  6996 | D:8      | Noticed a wandering mushroom
  7024 | D:8      | Killed a wandering mushroom
  7136 | D:8      | Noticed a wandering mushroom
  7136 | D:8      | XOM: confuse monster(s)
  7294 | D:8      | Killed a wandering mushroom
  7301 | D:8      | Found a blossoming altar of Fedhas.
  7301 | D:8      | Noticed a wandering mushroom
  7301 | D:8      | Noticed a wandering mushroom
  7317 | D:8      | Killed a wandering mushroom
  7545 | D:9      | XOM: divination: detect items
  7552 | D:8      | XOM: summons 7 friendly demons
  7568 | D:8      | XOM: fake destruction
  7582 | D:8      | XOM: destruction
  7583 | D:8      | XOM: fake destruction
  7587 | D:8      | XOM: smoke on damage
  7592 | D:8      | XOM: polymorph something unseen -> two-headed ogre
  7604 | D:8      | XOM: swap monsters
  7618 | D:8      | XOM: potion effect (curing)
  7619 | D:8      | Reached XP level 10. HP: 48/70 MP: 7/10
  7729 | D:9      | XOM: potion effect (agility)
  7787 | D:9      | Reached skill level 11 in Armour
  7801 | D:9      | Noticed Erica
  7884 | D:9      | XOM: cast spell 'Ice Form'
  7900 | D:9      | Killed Erica
  7955 | D:9      | Gained mutation: Your spells are a little easier to cast, but a little less powerful. [potion of mutation]
  7955 | D:9      | Lost mutation: Potions and wands are less effective at restoring your health. [potion of mutation]
  7955 | D:9      | Gained mutation: Your flesh is very cold resistant. [potion of mutation]
  8043 | D:9      | Found a bloodstained altar of Trog.
  8056 | D:9      | XOM: 7-stop teleportation journey
  8058 | D:9      | XOM: confuse monster(s)
  8110 | D:9      | Found Xuebair's Magic Scroll Boutique.
  8119 | D:9      | Bought a scroll of blinking for 105 gold pieces
  8119 | D:9      | Bought a scroll of magic mapping for 49 gold pieces
  8119 | D:9      | Bought a scroll of enchant weapon for 105 gold pieces
  8119 | D:9      | Bought a scroll of immolation for 49 gold pieces
  8119 | D:9      | Bought a scroll of identify for 28 gold pieces
  8119 | D:9      | Bought a scroll of enchant weapon for 105 gold pieces
  8119 | D:9      | Bought a scroll of enchant armour for 105 gold pieces
  8119 | D:9      | Bought a scroll of identify for 28 gold pieces
  8138 | D:9      | Found a shattered altar of Ashenzari.
  8143 | D:9      | XOM: cast spell 'Cause Fear'
  8225 | D:9      | Reached skill level 12 in Armour
  8281 | D:9      | XOM: god gift: scroll labeled IDOGUA CIXZE
  8488 | D:9      | Found a deep blue altar of Sif Muna.
  8490 | D:9      | Found a radiant altar of Vehumet.
  8490 | D:9      | Found an ancient bone altar of Kikubaaqudgha.
  8495 | D:9      | Identified Vehumet's Tome of Confrontation
  8502 | D:9      | Identified Sif Muna's Compendium of Beguiling
  8509 | D:9      | Identified Kikubaaqudgha's Tome of the Many Cities
  8667 | D:9      | Bought a scroll of identify for 28 gold pieces
  8667 | D:9      | Bought a scroll of identify for 28 gold pieces
  8683 | D:10     | Entered Level 10 of the Dungeon
  8772 | D:10     | Found Urphatoo's Weapon Boutique.
  8796 | D:10     | XOM: 2-stop teleportation journey
  8861 | D:10     | XOM: give mutations
  8861 | D:10     | Gained mutation: You are resistant to hostile enchantments. [Xom's grace]
  8861 | D:10     | Gained mutation: You are robust (+10% HP). [Xom's grace]
  8861 | D:10     | Gained mutation: You can spit weak poison. [Xom's grace]
  8861 | D:10     | Gained mutation: You have sharp toenails. [Xom's grace]
  8891 | D:10     | XOM: god gift: 3 silver javelins
  9011 | D:10     | XOM: god gift: pair of embroidered boots {god gift}
  9022 | D:10     | Noticed a hill giant
  9036 | D:10     | Killed a hill giant
  9069 | D:10     | XOM: 1-stop teleportation journey
  9122 | D:10     | Noticed Erolcha
  9143 | D:10     | Killed Erolcha
  9183 | D:10     | XOM: swap monsters
  9187 | D:10     | Reached skill level 10 in Long Blades
  9187 | D:10     | Reached XP level 11. HP: 79/82 MP: 11/11
  9391 | D:10     | XOM: harmless Chrm miscast
  9526 | D:10     | XOM: god gift: throwing net
  9605 | D:10     | XOM: divination: detect creatures
  9692 | D:10     | XOM: divination: detect creatures
  9717 | D:10     | XOM: mild Necr miscast
 10182 | Lair:1   | Entered Level 1 of the Lair of Beasts
 10358 | Lair:1   | XOM: confuse monster(s)
 10409 | Lair:1   | Noticed Harold
 10430 | Lair:1   | Killed Harold
 10806 | Lair:1   | XOM: chaos cloud
 10817 | Lair:1   | Paralysed by you for 5 turns
 11014 | Lair:1   | Noticed Gastronok
 11022 | Lair:1   | XOM: noise
 11032 | Lair:1   | Killed Gastronok
 11298 | Lair:1   | XOM: summons 1 hostile demon
 11697 | Lair:2   | XOM: summons 2 friendly demons
 11713 | Lair:2   | XOM: mild Erth miscast
 11733 | Lair:2   | XOM: 2-stop teleportation journey
 11737 | Lair:2   | Reached skill level 13 in Long Blades
 12004 | Lair:2   | Reached XP level 12. HP: 74/88 MP: 9/12
 12504 | Lair:2   | XOM: draining
 12677 | Lair:3   | XOM: noise
 12773 | Lair:3   | XOM: enchant monster (good)
 12775 | Lair:3   | Noticed Fannar
 12797 | Lair:3   | Killed Fannar
 12879 | Lair:3   | Reached skill level 14 in Long Blades
 12977 | Lair:3   | XOM: harmless Conj miscast
 12987 | Lair:3   | Reached skill level 1 in Dodging
 13009 | Lair:3   | XOM is BORED!
 13009 | Lair:3   | XOM: medium Tloc miscast
 13126 | Lair:3   | Noticed a six-headed hydra
 13137 | Lair:3   | Killed a one-headed hydra
 13161 | Lair:3   | XOM: cast spell 'Olgreb's Toxic Radiance'
 13167 | Lair:3   | XOM: potion effect (berserk rage)
 13224 | Lair:3   | XOM: noise
 13249 | Lair:3   | XOM: potion effect (invisibility)
 13262 | Lair:3   | XOM: divination: detect creatures
 13337 | Lair:2   | XOM: give mutations
 13337 | Lair:2   | Gained mutation: You can translocate small distances at will. [Xom's mischief]
 13337 | Lair:2   | Lost mutation: You have sharp toenails. [Xom's mischief]
 13337 | Lair:2   | Lost mutation: You are robust (+10% HP). [Xom's mischief]
 13337 | Lair:2   | Gained mutation: Your flesh is heat resistant. [Xom's mischief]
 13476 | Lair:3   | XOM: chaos cloud
 13478 | Lair:3   | XOM: summons 6 friendly demons
 13480 | Lair:3   | XOM: cast spell 'Death Channel'
 13496 | Lair:3   | XOM: summons friendly shadow imp
 13565 | Lair:3   | XOM: 2-stop teleportation journey
 13569 | Lair:3   | XOM: harmless Chrm miscast
 13573 | Lair:3   | XOM: silly message
 13574 | Lair:3   | XOM: harmless Ice miscast
 13579 | Lair:3   | XOM: enchant monster (good)
 13591 | Lair:3   | XOM: cast spell 'Blink'
 13598 | Lair:3   | Reached skill level 5 in Dodging
 13810 | Lair:3   | XOM: potion effect (heal wounds)
 14040 | Lair:4   | XOM: blink monster(s)
 14043 | Lair:4   | XOM: summons friendly shadow imp
 14238 | Lair:4   | XOM: confuse monster(s)
 14278 | Lair:4   | Gained mutation: You expend magic power (3 MP) to strengthen your wands. [potion of mutation]
 14278 | Lair:4   | Gained mutation: Your body is slowly deteriorating. [potion of mutation]
 14278 | Lair:4   | Gained mutation: Your flesh is very heat resistant. [potion of mutation]
 14290 | Lair:4   | XOM: harmless Chrm miscast
 14586 | Lair:4   | XOM: colour smoke trail
 14930 | Lair:5   | XOM: confusion
 14941 | Lair:5   | XOM: summons friendly crimson imp
 14949 | Lair:5   | XOM: cast spell 'Summon Butterflies'
 14959 | Lair:5   | XOM: divination: magic mapping
 15036 | Lair:5   | XOM: chaos cloud
 15039 | Lair:5   | Paralysed by you for 4 turns
 15145 | Lair:5   | Noticed a four-headed hydra
 15152 | Lair:5   | Killed a one-headed hydra
 15152 | Lair:5   | Gained mutation: You can steal the life force of defeated enemies. [demonic ancestry]
 15152 | Lair:5   | Reached XP level 13. HP: 79/86 MP: 11/13
 15187 | Lair:5   | XOM: confuse monster(s)
 15260 | Lair:5   | XOM: mild Air miscast
 15271 | Lair:5   | XOM: summons friendly shadow imp
 15280 | Lair:5   | XOM: enchant monster (bad)
 15580 | Lair:6   | XOM: noise
 15735 | Lair:6   | Found a staircase to the Snake Pit.
 15755 | Lair:6   | Found a staircase to the Swamp.
 16004 | Lair:6   | XOM: medium Trmt miscast
 16011 | Lair:6   | XOM: mild Summ miscast
 16107 | Lair:6   | XOM: summons 3 hostile shadow creatures
 16314 | Lair:5   | XOM: summons friendly crimson imp
 16390 | Lair:2   | XOM: noise
 16393 | Lair:2   | XOM: summons 2 hostile demons
 16504 | Lair:2   | XOM: mild Ice miscast
 16511 | Lair:2   | XOM: confusion
 16520 | Lair:2   | XOM: summons 4 hostile demons
 16655 | Lair:4   | XOM: harmless Chrm miscast
 16860 | Lair:7   | XOM: polymorph river rat -> ooze
 16908 | Lair:7   | XOM: give mutations
 16908 | Lair:7   | Gained mutation: You are clumsy. (Dex -2) [Xom's mischief]
 16908 | Lair:7   | Lost mutation: Your flesh is very cold resistant. [Xom's mischief]
 16963 | Lair:6   | XOM: stat loss: -1 Dex (9/11)
 17277 | Lair:7   | Reached skill level 10 in Dodging
 17319 | Lair:7   | XOM: 2-stop teleportation journey
 17394 | Lair:7   | XOM: colour smoke trail
 17440 | Lair:7   | XOM: enchant monster (bad)
 17442 | Lair:7   | XOM: mild Air miscast
 17454 | Lair:7   | XOM: fog
 17468 | Lair:7   | XOM: divine lightning
 17485 | Lair:7   | XOM: 2-stop teleportation journey
 17519 | Lair:6   | XOM: scenery: create altars
 17575 | Lair:6   | XOM: vitrification
 17942 | Lair:7   | Reached skill level 5 in Fighting
 18008 | Lair:7   | XOM: divination: detect creatures
 18020 | Lair:7   | XOM: summons friendly white imp
 18035 | Lair:7   | XOM: summons 2 friendly demons
 18061 | Lair:7   | XOM: potion effect (curing)
 18075 | Lair:7   | XOM: enchant monster (good)
 18121 | Lair:7   | XOM: confuse monster(s)
 18123 | Lair:7   | XOM: summons 2 friendly demons
 18322 | Lair:6   | XOM: cast spell 'Blink'
 18325 | Lair:6   | XOM: swap monsters
 18326 | Lair:6   | XOM: summons friendly shadow imp
 18336 | Lair:6   | XOM: cast spell 'Summon Small Mammal'
 18490 | Lair:7   | XOM: give mutations
 18490 | Lair:7   | Gained mutation: Your system is resistant to poisons. [Xom's grace]
 18490 | Lair:7   | Gained mutation: You have a pair of horns on your head. [Xom's grace]
 18490 | Lair:7   | Gained mutation: Your natural rate of healing is unusually fast. [Xom's grace]
 18799 | Lair:7   | XOM: vitrification
 18937 | Lair:7   | Found a blossoming altar of Fedhas.
 19131 | Lair:7   | XOM: fog
 19158 | Lair:6   | XOM: swap monsters
 19179 | Lair:6   | XOM: summons friendly white imp
 19183 | Lair:6   | XOM: divine lightning (protected)
 19184 | Lair:6   | XOM: summons friendly ufetubus
 19201 | Lair:6   | XOM: cast spell 'Blink'
 19206 | Lair:6   | XOM: confuse monster(s)
 19210 | Lair:6   | XOM: enchant monster (good)
 19243 | Lair:6   | XOM: potion effect (might)
 19277 | Lair:7   | XOM: confuse monster(s)
 19279 | Lair:7   | XOM: cast spell 'Cause Fear'
 19380 | Lair:7   | XOM: harmless Tloc miscast
 19476 | Lair:7   | XOM: potion effect (berserk rage)
 19576 | Lair:8   | Entered Level 8 of the Lair of Beasts
 19589 | Lair:8   | Gained mutation: You can steal the life force of all defeated enemies in sight. [demonic ancestry]
 19589 | Lair:8   | Reached XP level 14. HP: 102/108 MP: 14/14
 19639 | Lair:8   | XOM: potion effect (berserk rage)
 19640 | Lair:8   | XOM: blink monster(s)
 19652 | Lair:8   | XOM: divination: detect items
 19673 | Lair:8   | XOM: cast spell 'Ice Form'
 19769 | Lair:8   | XOM: colour smoke trail
 19833 | Lair:8   | XOM: divination: detect creatures
 19977 | Lair:8   | XOM: divination: magic mapping
 19985 | Lair:8   | Reached skill level 10 in Fighting
 19985 | Lair:8   | XOM: divination: detect creatures
 20009 | Lair:8   | Found a runed door.
 20009 | Lair:8   | Found a viscous altar of Jiyva.
 20010 | Lair:8   | Found a staircase to the Slime Pits.
 20244 | Lair:8   | XOM: cast spell 'Dispersal'
 20269 | Lair:8   | XOM: confuse monster(s)
 20270 | Lair:8   | XOM: enchant monster (good)
 20295 | Lair:8   | XOM: chaos cloud
 20296 | Lair:8   | Paralysed by you for 3 turns
 20302 | Lair:8   | XOM: enchant monster (good)
 20308 | Lair:8   | XOM: mild Ice miscast
 20396 | Lair:8   | XOM: noise
 20460 | Lair:8   | XOM: summons 3 friendly demons
 20463 | Lair:8   | XOM: enchant monster (good)
 20472 | Lair:8   | XOM: enchant monster (bad)
 20473 | Lair:8   | XOM: noise
 20723 | Lair:8   | XOM: cast spell 'Hydra Form'
 20731 | Lair:8   | XOM: smoke on damage
 20898 | Lair:8   | XOM: summons friendly white imp
 20981 | Lair:8   | XOM: medium Summ miscast
 20998 | Lair:8   | XOM: blink monster(s)
 21050 | Lair:8   | Identified the Volume of the Entourage and Beguiling
 21211 | Lair:8   | Fell from the grace of Xom
 21211 | Lair:8   | Became a worshipper of Jiyva Juggi the Shapeless
 21534 | D:8      | Acquired Jiyva's first power
 21749 | D:11     | Found a staircase to the Orcish Mines.
 21824 | D:11     | Found Esu Zaukh's Food Shop.
 22009 | D:12     | XOM: give mutations
 22009 | D:12     | Gained mutation: Scrolls take you a little longer to read. [Xom's mischief]
 22009 | D:12     | Lost mutation: Scrolls take you a little longer to read. [Xom's mischief]
 22009 | D:12     | Gained mutation: You are weak. (Str -2) [Xom's mischief]
 22089 | D:12     | Acquired Jiyva's second power
 22153 | D:12     | Gained mutation: You are very clumsy. (Dex -4) [a neqoxec]
 22245 | D:12     | XOM: mild Fire miscast
 22548 | D:12     | XOM: noise
 22578 | D:12     | Lost mutation: You are weak. (Str -2) [Jiyva's grace]
 22621 | D:13     | Found Moshy's Magic Scroll Boutique.
 22652 | D:13     | Bought a scroll of enchant armour for 120 gold pieces
 22652 | D:13     | Bought a scroll of identify for 32 gold pieces
 22652 | D:13     | Bought a scroll of teleportation for 48 gold pieces
 22652 | D:13     | Bought a scroll of silence for 120 gold pieces
 22677 | D:13     | Found Besu's Antique Weapon Boutique.
 22760 | D:13     | XOM: noise
 22791 | D:13     | Found Fyugrah's Antique Weapon Boutique.
 22963 | D:13     | Acquired Jiyva's third power
 22963 | D:13     | Lost mutation: You can spit weak poison. [Jiyva's grace]
 23172 | D:13     | Gained mutation: You have sharp toenails. [Jiyva's grace]
 23250 | D:13     | Acquired Jiyva's fourth power
 23264 | D:13     | Found a gate to the Vaults.
 23360 | D:13     | Found Domiaclack's Jewellery Shoppe.
 23473 | D:13     | Gained mutation: You can spit weak poison. [Jiyva's grace]
 23499 | D:13     | Reached XP level 15. HP: 126/126 MP: 15/15
 23564 | D:13     | Gained mutation: You have a small jelly attached to you that senses nearby items. [Jiyva's grace]
 23613 | D:13     | Lost mutation: You can spit weak poison. [Jiyva's grace]
 23681 | D:13     | Noticed an orc warlord
 23693 | D:13     | XOM: polymorph orc warrior -> goliath beetle
 23706 | D:13     | Killed an orc warlord
 23774 | D:13     | Lost mutation: You are resistant to hostile enchantments. [Jiyva's grace]
 24002 | D:13     | Lost mutation: Your body is slowly deteriorating. [Jiyva's power]
 24233 | D:14     | XOM: blink monster(s)
 24330 | D:14     | Lost mutation: You expend magic power (3 MP) to strengthen your wands. [Jiyva's grace]
 24472 | D:14     | Reached skill level 15 in Fighting
 24483 | D:14     | XOM: summons 7 hostile demons
 24560 | D:14     | XOM: medium Pois miscast
 24622 | D:14     | Lost mutation: You are very clumsy. (Dex -4) [Jiyva's grace]
 25335 | D:14     | XOM: mild Necr miscast
 25373 | D:15     | Entered Level 15 of the Dungeon
 25580 | D:15     | Lost mutation: You have a pair of horns on your head. [Jiyva's grace]
 25704 | D:15     | Found a sacrificial altar of Ru.
 26042 | D:15     | Found a staircase to the Depths.
 26062 | D:15     | Lost mutation: Your spells are a little easier to cast, but a little less powerful. [Jiyva's power]
 26064 | D:15     | Lost mutation: You are clumsy. (Dex -2) [Jiyva's power]
 26130 | D:15     | Lost mutation: You have sharp toenails. [mutagenic meat]
 26262 | D:13     | Lost mutation: You have a small jelly attached to you that senses nearby items. [Jiyva's grace]
 26389 | D:8      | Killed a wandering mushroom
 26541 | Orc:1    | Entered Level 1 of the Orcish Mines
 26774 | Orc:1    | Gained mutation: You tend to lose your temper in combat. [Jiyva's grace]
 26958 | Orc:2    | Gained mutation: You have a small jelly attached to you that senses nearby items. [Jiyva's grace]
 27019 | Orc:1    | Found a frozen archway.
 27019 | Orc:1    | Gained mutation: You have an increased reservoir of magic (+10% MP). [Jiyva's grace]
 27043 | IceCv    | Entered an ice cave
 27136 | IceCv    | Got a twisted great sword
 27138 | IceCv    | Identified the +6 great sword of Ymmaef {slice, rPois Dex+6 Stlth-} (You found it in an ice cave)
 27253 | IceCv    | Lost mutation: You tend to lose your temper in combat. [Jiyva's grace]
 27290 | IceCv    | Lost mutation: Your system is resistant to poisons. [Jiyva's grace]
 27320 | IceCv    | XOM: summons 1 hostile demon
 27475 | IceCv    | Lost mutation: Your flesh is very heat resistant. [Jiyva's grace]
 27510 | IceCv    | XOM: mild Tloc miscast
 27531 | IceCv    | XOM: summons 4 hostile demons
 27613 | IceCv    | XOM: summons 7 hostile demons
 27619 | IceCv    | Lost mutation: Your flesh is heat resistant. [Jiyva's grace]
 27629 | IceCv    | XOM: summons 3 hostile demons
 27657 | IceCv    | Gained mutation: You passively map a small area around you. [Jiyva's grace]
 27858 | Orc:2    | Lost mutation: You have a small jelly attached to you that senses nearby items. [Jiyva's grace]
 27883 | Orc:2    | Gained mutation: Your spells are a little easier to cast, but a little less powerful. [Jiyva's grace]
 27928 | Orc:2    | Gained mutation: Armour fits poorly on your strangely shaped body. [Jiyva's grace]
 27985 | Orc:2    | Found a roughly hewn altar of Beogh.
 28028 | Orc:2    | XOM: scenery: create altars
 28073 | Orc:3    | Lost mutation: Your spells are a little easier to cast, but a little less powerful. [Jiyva's power]
 28109 | Orc:3    | Noticed hornqvist's ghost (powerful FoFi)
 28121 | Orc:3    | Killed hornqvist's ghost
 28133 | Orc:3    | Gained mutation: You expend magic power (3 MP) to strengthen your wands. [potion of mutation]
 28133 | Orc:3    | Gained mutation: Your flesh is heat resistant. [potion of mutation]
 28133 | Orc:3    | Gained mutation: You have a beak for a mouth. [potion of mutation]
 28148 | Orc:3    | Found an iron altar of Okawaru.
 28160 | Orc:3    | Reached skill level 15 in Long Blades
 28244 | Orc:3    | Gained mutation: You have a pair of horns on your head. [Jiyva's grace]
 28258 | Orc:3    | Gained mutation: You can breathe flames. [Jiyva's grace]
 28368 | Orc:3    | Found Zotutearch's Armour Shoppe.
 28382 | Orc:3    | Bought a +2 cloak of invisibility for 236 gold pieces
 28393 | Orc:3    | XOM: give mutations
 28393 | Orc:3    | Gained mutation: Your body is slowly deteriorating. [Xom's mischief]
 28393 | Orc:3    | Gained mutation: You are frail (-10% HP). [Xom's mischief]
 28393 | Orc:3    | Lost mutation: Armour fits poorly on your strangely shaped body. [Xom's mischief]
 28395 | Orc:3    | Lost mutation: You are frail (-10% HP). [Jiyva's power]
 28396 | Orc:3    | Lost mutation: Your body is slowly deteriorating. [Jiyva's power]
 28486 | Orc:3    | Found a staircase to the Elven Halls.
 28565 | Orc:3    | XOM: mild Conj miscast
 28585 | Orc:3    | Gained mutation: Your rubbery body absorbs attacks (AC +1). [Jiyva's grace]
 28684 | Orc:4    | Entered Level 4 of the Orcish Mines
 28821 | Orc:4    | Found a roughly hewn altar of Beogh.
 28862 | Orc:4    | Found Wiucsi's Gadget Boutique.
 28887 | Orc:4    | Bought a wand of hasting (4) for 576 gold pieces
 28891 | Orc:4    | Found Eteup's Antique Armour Emporium.
 28917 | Orc:4    | Bought a runed hat for 120 gold pieces
 29308 | Orc:4    | Found Pyij's Weapon Emporium.
 29345 | Orc:4    | Found Utrypl Gafu's Gadget Boutique.
 29977 | Slime:1  | Entered Level 1 of the Pits of Slime
 30043 | Slime:1  | Noticed an azure jelly
 30097 | Slime:1  | Noticed an acid blob
 30100 | Slime:1  | Noticed an acid blob
 30233 | Slime:2  | Noticed an acid blob
 30304 | Slime:3  | Noticed an azure jelly
 30304 | Slime:3  | Noticed an acid blob
 30334 | Slime:3  | Killed an acid blob
 30508 | Slime:4  | Noticed an acid blob
 30547 | Slime:4  | Noticed an acid blob
 30599 | Slime:4  | Noticed an acid blob
 30753 | Slime:4  | Noticed an acid blob
 30757 | Slime:4  | Noticed an acid blob
 30913 | Slime:5  | Noticed an acid blob
 30976 | Slime:6  | Entered Level 6 of the Pits of Slime
 30995 | Slime:6  | Noticed an acid blob
 30997 | Slime:6  | Lost mutation: You can breathe flames. [Jiyva's grace]
 30999 | Slime:6  | Noticed an acid blob
 31004 | Slime:6  | Gained mutation: You are agile. (Dex +2) [Jiyva's grace]
 31005 | Slime:6  | Noticed an acid blob
 31005 | Slime:6  | Killed an acid blob
 31006 | Slime:6  | Noticed an acid blob
 31006 | Slime:6  | Noticed the royal jelly
 31006 | Slime:6  | Noticed an acid blob
 31007 | Slime:6  | Noticed an acid blob
 31007 | Slime:6  | Noticed an acid blob
 31009 | Slime:6  | Noticed an acid blob
 31014 | Slime:6  | Noticed an acid blob
 31017 | Slime:6  | Found a viscous altar of Jiyva.
 31047 | Slime:6  | Lost mutation: Your natural rate of healing is unusually fast. [Jiyva's grace]
 31055 | Slime:6  | Lost mutation: Your flesh is heat resistant. [Jiyva's grace]
 31074 | Slime:6  | Got a slimy rune of Zot
 31085 | Slime:6  | Noticed an acid blob
 31086 | Slime:6  | Noticed an azure jelly
 31145 | Slime:6  | Killed an acid blob
 31157 | Slime:6  | Noticed an acid blob
 31461 | Lair:6   | Lost mutation: You have a beak for a mouth. [Jiyva's grace]
 31764 | Swamp:1  | XOM: noise
 31764 | Swamp:1  | Entered Level 1 of the Swamp
 31788 | Swamp:1  | Paralysed by a hornet for 3 turns
 31810 | Swamp:1  | Reached XP level 16. HP: 39/136 MP: 14/17
 31929 | Swamp:1  | XOM: mild Tloc miscast
 31961 | Swamp:1  | XOM: mild Chrm miscast
 31996 | Swamp:1  | Gained mutation: You have a pair of large horns on your head. [Jiyva's grace]
 32440 | Swamp:2  | Reached skill level 16 in Long Blades
 32605 | Swamp:2  | XOM: noise
 32635 | Swamp:2  | XOM: noise
 32654 | Swamp:2  | Noticed Jorgrun
 32667 | Swamp:2  | Killed Jorgrun
 32761 | Swamp:2  | Noticed Nikola
 32793 | Swamp:2  | Killed Nikola
 32801 | Swamp:2  | Lost mutation: You can translocate small distances at will. [Jiyva's grace]
 32833 | Swamp:2  | XOM: mild Divn miscast
 32833 | Swamp:2  | Was forgiven by Xom
 32875 | Swamp:2  | Gained mutation: Your spells are a little harder to cast, but a little more powerful. [mutagenic meat]
 33199 | Swamp:3  | Reached skill level 17 in Long Blades
 33554 | Swamp:3  | Gained mutation: Your body is partially covered in golden eyeballs (Acc +3). [Jiyva's grace]
 34123 | Swamp:4  | Lost mutation: You have a pair of large horns on your head. [Jiyva's grace]
 34680 | Swamp:4  | Noticed Kirke
 34683 | Swamp:4  | Gained mutation: You are resistant to hostile enchantments. [Jiyva's grace]
 34691 | Swamp:4  | Killed Kirke
 34998 | Swamp:5  | Entered Level 5 of the Swamp
 35205 | Swamp:5  | Noticed Aizul
 35263 | Swamp:5  | Noticed Louise
 35275 | Swamp:5  | Lost mutation: You expend magic power (3 MP) to strengthen your wands. [Jiyva's grace]
 35278 | Swamp:5  | Gained mutation: You have a pair of large horns on your head. [demonic ancestry]
 35278 | Swamp:5  | Reached XP level 17. HP: 62/142 MP: 11/18
 35569 | Swamp:5  | Lost mutation: You are agile. (Dex +2) [Jiyva's grace]
 35725 | Swamp:5  | Killed Aizul
 35791 | Swamp:5  | Killed Louise
 35903 | Swamp:5  | Reached skill level 15 in Armour
 36013 | Swamp:5  | Got a decaying rune of Zot
 36283 | Swamp:2  | Gained mutation: You are somewhat resistant to further mutation. [Jiyva's grace]
 36731 | Elf:1    | Entered Level 1 of the Elven Halls
 36943 | Elf:1    | Identified Lehudib's Catalogue of Arcane Weapons
 37220 | Elf:1    | Gained mutation: Your flesh is very cold resistant. [Jiyva's grace]
 37267 | Elf:1    | Lost mutation: You are somewhat resistant to further mutation. [Jiyva's grace]
 37316 | Elf:1    | Lost mutation: You have a pair of large horns on your head. [Jiyva's grace]
 37883 | Elf:2    | Lost mutation: Your spells are a little harder to cast, but a little more powerful. [Jiyva's grace]
 37946 | Elf:2    | Found Neifumag's Antique Weapon Emporium.
 37984 | Elf:2    | Found a huge runed gate.
 37984 | Elf:2    | Found a huge runed gate.
 37984 | Elf:2    | Found a huge runed gate.
 37984 | Elf:2    | Found a huge runed gate.
 37984 | Elf:2    | Found a huge runed gate.
 38425 | Elf:2    | Gained mutation: Armour fits poorly on your pseudopods. [Jiyva's grace]
 38993 | Elf:2    | Lost mutation: You have an increased reservoir of magic (+10% MP). [Jiyva's grace]
 39017 | Elf:2    | Gained mutation: Your mind is acute. (Int +2) [Jiyva's grace]
 39068 | Elf:2    | Lost mutation: Your body is partially covered in golden eyeballs (Acc +3). [Jiyva's grace]
 39098 | Elf:2    | Gained mutation: You have a small jelly attached to you that may absorb incoming projectiles. [Jiyva's grace]
 39164 | Elf:3    | Entered Level 3 of the Elven Halls
 39493 | Elf:3    | Gained mutation: You have a pair of large horns on your head. [demonic ancestry]
 39493 | Elf:3    | Reached XP level 18. HP: 108/149 MP: 15/18
 39665 | Elf:3    | Got a faintly glowing chain mail
 39728 | Elf:3    | HP: 6/149 [deep elf master archer/poisoned arrow (22)]
 39735 | Elf:3    | Shot with a poisoned arrow by a deep elf master archer

Action                   |  1- 3 |  4- 6 |  7- 9 | 10-12 | 13-15 | 16-18 || total
-------------------------+-------+-------+-------+-------+-------+-------++-------
Melee: Falchion          |   108 |   141 |   606 |    98 |       |       ||   953
       Scimitar          |       |       |       |   837 |  1986 |   114 ||  2937
       Unarmed           |       |       |       |     7 |    26 |       ||    33
       Great sword       |       |       |       |       |   546 |   924 ||  1470
 Fire: Blowgun           |       |       |       |       |       |    17 ||    17
Throw: Tomahawk          |       |       |       |     3 |       |       ||     3
Invok: Cure Bad Mutation |       |       |       |       |     9 |       ||     9
       Jelly Paralyse    |       |       |       |       |     8 |     2 ||    10
       Request Jelly     |       |       |       |       |       |     1 ||     1
 Abil: Spit Poison       |       |       |       |     1 |       |       ||     1
       Blink             |       |       |       |       |     1 |       ||     1
       Evoke Flight      |       |       |       |       |       |     1 ||     1
Evoke: Wand              |       |     9 |     1 |    14 |    13 |       ||    37
       Lamp of fire      |       |       |       |       |     1 |       ||     1
       Deck              |       |       |       |       |       |     2 ||     2
  Use: Potion            |     5 |       |     1 |     9 |     3 |     9 ||    27
       Scroll            |       |     4 |     5 |    12 |    11 |     7 ||    39
 Stab: Confused          |     2 |     1 |     3 |     7 |     4 |     6 ||    23
       Invisible         |     2 |       |       |       |       |       ||     2
       Paralysed         |       |     1 |    12 |       |       |       ||    13
       Petrifying        |       |     1 |     5 |       |       |       ||     6
       Petrified         |       |       |     2 |       |       |       ||     2
       Distracted        |       |       |     1 |     1 |     1 |     1 ||     4
  Eat: Chunk             |     1 |     7 |    15 |    22 |    26 |     1 ||    72
       Beef jerky        |       |       |       |     1 |       |       ||     1
       Royal jelly       |       |       |       |     2 |     1 |       ||     3
       Pizza             |       |       |       |     1 |       |       ||     1
